 Dungeon Crawl Stone Soup version 0.30.1-11-g7821555f0a (webtiles) character file.

Game seed: 12853849321666360364

1 comborobin the Sneak (level 1, -2/19 HPs)
             Began as a Hill Orc Delver on Dec 23, 2023.
             Slain by an orc
             ... wielding a +0 flail
              (6 damage)
             ... on level 3 of the Dungeon.
             The game lasted 00:01:06 (229 turns).

comborobin the Sneak (Hill Orc Delver)               Turns: 229, Time: 00:01:06

Health: -2/19      AC:  3    Str: 14    XL:     1   Next: 20%
Magic:  1/1        EV: 11    Int: 10    God:
Gold:   0          SH:  0    Dex: 12    Spells: 0/0 levels left

rFire   . . .        a - +0 hand axe
rCold   . . .        (no shield)
rNeg    . . .        b - +0 leather armour
rPois   .            (no helmet)
rElec   .            (no cloak)
rCorr   +            (no gloves)
SInv    .            (no boots)
Will    .....        (no amulet)
Stlth   ++           i - ring of resist corrosion
HPRegen 0.23/turn    (no ring)
MPRegen 0.07/turn

%: no passive effects
@: no status effects
A: no striking features
a: no special abilities


You were on level 3 of the Dungeon.
You visited 1 branch of the dungeon, and saw 4 of its levels.

Inventory:

Hand Weapons
 a - a +0 hand axe (weapon)
Armour
 b - a +0 leather armour (worn)
Jewellery
 i - a ring of resist corrosion (left hand)
Wands
 g - a wand of digging (1)
Scrolls
 c - 2 scrolls of fog
 d - a scroll of magic mapping
 h - a scroll of immolation {unknown}
Potions
 e - 2 potions of invisibility {unknown}
 f - a potion of might {unknown}


   Skills:
 - Level 3.6 Fighting
 + Level 2.9 Axes
 - Level 1.5 Dodging
 - Level 4.1 Stealth


You couldn't memorise any spells.
You didn't know any spells.
Your spell library was empty.

Dungeon Overview and Level Annotations

Branches:
Dungeon (6/15)             Temple (0/1) D:4

Altars:
Sif Muna

Annotations:
D:5 Menkaure


Message History

You climb upwards.
There is a stone staircase leading down here.
A bat is nearby!
You climb downwards.
There is a stone staircase leading up here.
You see here a ball python corpse.
e - 2 glowing white potions You see here a ball python corpse.
There is a stone staircase leading up here.
(D) Dungeon (T) Temple
Where to? (? - help)
Okay, then.
An orc comes into view. It is wielding a +0 heavy mace.
An orc comes into view. It is wielding a +0 flail.
The orc shouts!
An orc wizard comes into view. It is wielding a +0 dagger.
There is a stone staircase leading up here.
You can't go down here!
You closely miss the orc. The orc barely misses you.
The orc hits you with a +0 flail!
You climb upwards.
There is a stone staircase leading down here.
You hit the orc but do no damage. The orc barely misses you.
You hit the orc.
The orc is moderately wounded.
The orc hits you with a +0 flail. The orc hits you but does no damage.
You are too injured to fight recklessly!
You are too injured to fight recklessly!
You are too injured to fight recklessly!
You are too injured to fight recklessly!
You are too injured to fight recklessly!
You are too injured to fight recklessly!
You hit the orc. You punch the orc, but do no damage.
The orc is heavily wounded.
The orc hits you with a +0 flail.
* * * LOW HITPOINT WARNING * * *
You hit the orc.
The orc is almost dead.
The orc hits you with a +0 flail.
You die...

#.... ...
###.... ..
....... ..
....... .# #
#...... .# .#
#......#.#.#
#..........#
#......@o.#
#........##
...........
#............
...............
..b...#........
...............
......#.....##+


You could see an orc and a bat (asleep).

Vanquished Creatures
  A ball python (D:4)
1 creature vanquished.

Notes
Turn   | Place    | Note
-------+----------+-------------------------------------------
     0 | D:5      | comborobin the Hill Orc Delver began the quest for the Orb.
     0 | D:5      | Reached XP level 1. HP: 19/19 MP: 1/1
     8 | D:5      | Found a shimmering blue altar of Sif Muna.
    70 | D:5      | Noticed Menkaure
   109 | D:6      | Noticed a hound
   110 | D:6      | Noticed a sky beast
   140 | D:4      | Noticed a phantom
   174 | D:4      | Noticed a scorpion
   215 | D:4      | Noticed an orc wizard
   229 | D:3      | Slain by an orc

Illustrated notes

Levels and vault maps discovered:
D:3:      layout_basic, grunt_temple_overflow_order_and_chaos_2,
          hellmonk_ecumenical_altar_lost_god
D:4:      layout_loops_corners, grunt_temple_overflow_holy_war,
          mainiacjoe_overflow_surrounded_room,
          mainiacjoe_overflow_cross_hatched, minmay_temple_entry_fiery,
          minmay_cupped
D:5:      layout_basic, nicolae_overflow_hidden_temple, vehumet_crystals,
          uniq_ijyb, uniq_crazy_yiuf_cottage, uniq_menkaure
D:6:      layout_basic, chequers_temple_overflow_statue_of_worship,
          serial_shops, shop_statue, uniq_pikel

Action                     || total
---------------------------++-------
  Melee: Hand axe          ||     6
         Punch             ||     1
  Evoke: Wand              ||     2
    Use: Scroll            ||     2
         Potion            ||     1
 Armour: Leather armour    ||     2
  Dodge: Dodged            ||     6
